 Dungeon Crawl Stone Soup version 0.27-a0-512-g57cc695410 (webtiles) character file.

Game seed: 2583545455435581376

107 kae the Chopper (level 4, 0/41 HPs)
             Began as a Hill Orc Fighter on Mar 3, 2021.
             Killed by nerve-wracking pain
             ... invoked by Grinder
              (14 damage)
             ... on level 3 of the Dungeon.
             The game lasted 00:01:09 (2418 turns).

kae the Chopper (Hill Orc Fighter)                  Turns: 2418, Time: 00:01:10

Health: 0/41       AC:  7    Str: 19    XL:     4   Next: 86%
Magic:  4/4        EV:  7    Int:  8    God:
Gold:   106        SH:  9    Dex: 10    Spells: 3/3 levels left

rFire    . . .     SeeInvis .   a - +0 war axe
rCold    . . .     Faith    .   c - +0 kite shield
rNeg     . . .     Spirit   .   b - +1 scale mail
rPois    .         Reflect  .   (no helmet)
rElec    .         Harm     .   (no cloak)
rCorr    .         Rampage  .   (no gloves)
Will     .....                  (no boots)
Stlth    ..........             g - amulet of magic regeneration
HPRegen  0.13/turn              (no ring)
MPRegen  0.34/turn              (no ring)

@: no status effects
A: no striking features
a: no special abilities


You were on level 3 of the Dungeon.
You visited 1 branch of the dungeon, and saw 3 of its levels.

You collected 106 gold pieces.

Inventory:

Hand Weapons
 a - a +0 war axe (weapon)
Armour
 b - a +1 scale mail (worn)
 c - a +0 kite shield (worn)
Jewellery
 g - an amulet of magic regeneration (around neck)
 n - an amulet of reflection
Scrolls
 e - a scroll of immolation
 h - 7 scrolls of identify
 i - 2 scrolls of amnesia
 j - a scroll of teleportation {unknown}
Potions
 d - 2 potions of might
 f - 2 potions of lignification
 k - a potion of curing {unknown}
 l - a potion of flight {unknown}
 m - a potion of attraction {unknown}
 o - 2 potions of resistance {unknown}


   Skills:
 + Level 4.7 Fighting
 * Level 5.5 Axes
 - Level 3.2 Armour
 - Level 3.2 Shields


You had 3 spell levels left.
You didn't know any spells.
Your spell library was empty.

Dungeon Overview and Level Annotations

Branches:
Dungeon (3/15)

Altars:
Ashenzari
Kikubaaqudgha
Vehumet
Zin

Annotations:
D:3 Grinder


Message History

Grinder is engulfed in blazing flames.
Grinder gestures at you.
You suddenly lose the ability to move!
You can move again.
Unknown command.
Grinder blinks!
Grinder hits you.
You writhe in agony.
You slash Grinder!
Grinder is heavily wounded.
Grinder gestures at you. Pain shoots through your body!
You slash Grinder!
Grinder is severely wounded.
Grinder hits you!
You writhe in agony.
You are too injured to fight recklessly!
You are too injured to fight recklessly!
You are too injured to fight recklessly!
You hit Grinder.
Grinder is severely wounded.
You block Grinder's attack. Grinder gestures at you.
You suddenly lose the ability to move!
Grinder hits you but does no damage. Grinder completely misses you.
You can move again.
Unknown command.
You hit Grinder.
Grinder is almost dead.
Grinder hits you.
You writhe in agony.
You closely miss Grinder.
Grinder is almost dead.
Grinder says, "There's only one good use for a tongue: cutting it out."
You block Grinder's attack. x2
You hit Grinder.
Grinder is almost dead.
Grinder blinks!
Unknown command.
Grinder gestures at you. Pain shoots through your body!
You die...

.....§...
#########....○☼#.
#.........○.°.○..
#..........○.○...
#..............#
#............#
#............#
##............#
#.....5...@...#
#.............#
#....<........#
#.............#
#.#############
#.# #.# #.# #.#


You could see Grinder.

Vanquished Creatures
  An orc priest (D:3)
  2 adders (D:2)
  3 worms
  A dart slug (D:2)
  A leopard gecko (D:3)
  5 orcs (D:3)
  3 bat zombies (D:2)
  A giant cockroach (D:2)
  5 goblins
  5 hobgoblins
  5 kobolds
  4 bats
  2 frilled lizards
  4 rats
42 creatures vanquished.

Notes
Turn   | Place    | Note
-------+----------+-------------------------------------------
     0 | D:1      | kae the Hill Orc Fighter began the quest for the Orb.
     0 | D:1      | Reached XP level 1. HP: 19/19 MP: 1/1
   127 | D:1      | Reached skill level 3 in Axes
   350 | D:1      | Reached XP level 2. HP: 27/27 MP: 2/2
   889 | D:2      | Reached skill level 4 in Axes
   889 | D:2      | Reached XP level 3. HP: 31/33 MP: 3/3
  1022 | D:2      | Found a broken altar of Ashenzari.
  1022 | D:2      | Found a glowing silver altar of Zin.
  1086 | D:2      | Found an ancient bone altar of Kikubaaqudgha.
  1782 | D:2      | Reached XP level 4. HP: 41/41 MP: 4/4
  1886 | D:3      | Reached skill level 5 in Axes
  2396 | D:3      | Found a radiant altar of Vehumet.
  2400 | D:3      | Noticed Grinder
  2403 | D:3      | Paralysed by Grinder for 2 turns
  2411 | D:3      | Paralysed by Grinder for 3 turns
  2418 | D:3      | Killed from afar by Grinder

Illustrated notes

Levels and vault maps discovered:
D:1:      dpeg_arrival_arbitrary_b, layout_basic, hex_medium
D:2:      layout_basic, lemuel_zombie_altar_kikubaaqudgha,
          chequers_temple_overflow_statue_of_worship
D:3:      layout_basic, fiery_altar_vehumet, uniq_jessica, uniq_grinder

Skill      XL: |  1  2  3  4 |
---------------+-------------+-----
Axes           | 3 4 5 |  5.5
Fighting       | 4 |  4.7
Armour         | |  3.2
Shields        | |  3.2

Action                   |  1- 3 |  4- 6 || total
-------------------------+-------+-------++-------
Melee: War axe           |    84 |    31 ||   115
  Use: Scroll            |     7 |       ||     7
Armor: Scale mail        |    52 |    11 ||    63
Dodge: Dodged            |    25 |     5 ||    30
Block: Kite shield       |    46 |    13 ||    59

Table legend: (Time is in decaauts)
 A = Elapsed time spent in this place.
 B = Non-inter-level travel time spent in this place.
 C = Inter-level travel time spent in this place.
 D = Time resting spent in this place.
 E = Time spent auto-exploring this place.
 F = Levels seen in this place.
 G = Mean time per level.
                   A        B        C        D        E       F      G
               +--------+--------+--------+--------+--------+-----+--------+
         Total |   2475 |   2435 |     40 |      0 |   2105 |   3 |  825.0 |
       Dungeon |   2475 |   2435 |     40 |      0 |   2105 |   3 |  825.0 |
               +--------+--------+--------+--------+--------+-----+--------+

Top non-repeatable levels by time:
     D:2: 1169 daAuts
     D:1: 678 daAuts
     D:3: 627 daAuts
